 Dungeon Crawl Stone Soup version 0.29.0-5-ge4962eb29e (webtiles) character file.

Game seed: 10706493095981383230

0 xian the Sneak (level 1, 9/9 HPs)
             Began as a Spriggan Wanderer on Aug 29, 2022.
             Quit the game on level 1 of the Dungeon.
             The game lasted 00:00:45 (97 turns).

xian the Sneak (Spriggan Wanderer)                    Turns: 97, Time: 00:00:45

Health: 9/9        AC:  2    Str:  8    XL:     1   Next: 8%
Magic:  3/3        EV: 16    Int: 13    God:
Gold:   19         SH:  0    Dex: 14    Spells: 1/2 levels left

rFire   . . .      SeeInvis +   a - +2 dagger
rCold   . . .      Faith    .   (no shield)
rNeg    . . .      Spirit   .   c - +0 robe
rPois   .          Reflect  .   (helmet restricted)
rElec   .          Harm     .   (no cloak)
rCorr   .          Rampage  .   (gloves unavailable)
Will    .....                   (boots unavailable)
Stlth   +++.......              (no amulet)
HPRegen 0.03/turn               (no ring)
MPRegen 0.08/turn               (no ring)

@: very quick
A: very small, no large weapons, unfitting armour, see invisible, speed 3
a: no special abilities


You were on level 1 of the Dungeon.
You visited 1 branch of the dungeon, and saw 1 of its levels.

You collected 19 gold pieces.

Inventory:

Hand Weapons
 a - a +2 dagger (weapon)
Armour
 c - a +0 robe (worn)
Scrolls
 d - 2 scrolls of vulnerability
Potions
 b - a potion of invisibility


   Skills:
 + Level 1.3 Dodging
 + Level 5.9 Stealth
 + Level 1.3 Spellcasting
 + Level 2.4 Fire Magic
 + Level 1.3 Evocations


You had one spell level left.
You knew the following spells:

 Your Spells              Type           Power      Damage    Failure   Level
a - Foxfire               Conj/Fire      16%        2x1d4     17%         1

Your spell library contained the following spells:

 Spells                   Type           Power      Damage    Failure   Level
 Inner Flame              Hex/Fire       4%         N/A       45%         3


Dungeon Overview and Level Annotations

Branches:
Dungeon (1/15)

Altars:


Innate Abilities, Weirdness & Mutations

You are very small and have problems with some larger weapons.
You are too small for most types of armour.
You have supernaturally acute eyesight. (SInv)
You cover ground extremely quickly. (Speed+++)


Message History

Welcome, xian the Spriggan Wanderer.
It is said that the Orb of Zot exists deep within this dungeon.
Press ? for a list of commands and other information.
Found three items.
Found a staircase leading out of the dungeon.
You begin with the following items: a +2 dagger, a potion of invisibility, a +0 robe, a scroll of vulnerability; and the following spell memorised: Foxfire; and the following spells available to memorise: Inner Flame.
Unknown command.
Unknown command.
Found 6 gold pieces.
Found 9 stones.
You now have 13 gold pieces.
You see here a +2 pair of gloves of hurling.
Found 4 stones.
d - 2 scrolls of vulnerability (gained 1)
Found a sling.
You now have 19 gold pieces (gained 6).
Found 8 stones.
A frilled lizard comes into view.
A frilled lizard is nearby!
You miscast Foxfire.
You are very lightly contaminated with residual magic.
Nothing appears to happen.
Found a scroll labelled SUESAU UTUOH.
The frilled lizard hisses angrily.
You conjure some foxfire!
You conjure some foxfire!
The foxfire hits the frilled lizard.
The frilled lizard is heavily wounded.
The foxfire hits the frilled lizard.
You kill the frilled lizard!
Your magical contamination has completely faded away.
Your foxfire dissipates! x2
Magic restored.
A goblin comes into view. It is wielding a +0 club.
A goblin is nearby!
A goblin is nearby!
Are you sure you want to abandon this character and quit the game? (Confirm with "yes".)

#†.# #..##
##...##### #
#........# .#
##...###.# .# .#
#..## #.#..#..#
#.#####.#......
#.............#
#@#####.#####.#
..g.....# #.#
#......?# #.#
....##### #.# ###
#.# #.##
########..######
#.(.............
#..................


You could see a goblin (asleep).

Vanquished Creatures
  A frilled lizard (D:1)
1 creature vanquished.

Vanquished Creatures (others)
  4 foxfires (D:1)
4 creatures vanquished.

Grand Total: 5 creatures vanquished

Notes
Turn   | Place    | Note
-------+----------+-------------------------------------------
     0 | D:1      | xian the Spriggan Wanderer began the quest for the Orb.
     0 | D:1      | xian set off with the following items: a +2 dagger, a
                  | potion of invisibility, a +0 robe, a scroll of
                  | vulnerability; and the following spell memorised: Foxfire;
                  | and the following spells available to memorise: Inner
                  | Flame.
     0 | D:1      | Reached XP level 1. HP: 9/9 MP: 3/3
    97 | D:1      | Quit the game

Illustrated notes

Levels and vault maps discovered:
D:1:      dpeg_arrival_solitude, layout_loops_ring

Action                   || total
-------------------------++-------
 Cast: Foxfire           ||     2
